 Dungeon Crawl Stone Soup version 0.28-a0-793-g31680bbd8b (webtiles) character file.

Game seed: 6602365351973412431

34543 mathmaestro the Grappler (level 13, -1/130 HPs)
             Began as a Troll Monk on Nov 4, 2021.
             Slain by an acid blob (4 damage)
             ... on level 5 of the Pits of Slime.
             The game lasted 00:31:52 (14372 turns).

mathmaestro the Grappler (Troll Monk)              Turns: 14372, Time: 00:31:54

Health: -1/130     AC:  5    Str: 24    XL:     13   Next: 42%
Magic:  7/12       EV: 10    Int:  6    God:
Gold:   2455       SH:  0    Dex: 12    Spells: 12/12 levels left

rFire   x . .      SeeInvis .     - Unarmed
rCold   + + .      Faith    .   (no shield)
rNeg    . . .      Spirit   .   t - +3 ice dragon scales of the Albatross {Harm rPois rF- rC++}
rPois   +          Reflect  .   (helmet restricted)
rElec   .          Harm     +   a - +0 cloak
rCorr   +          Rampage  .   (gloves unavailable)
Will    +....                   (boots unavailable)
Stlth   ..........              (no amulet)
HPRegen 1.31/turn               I - ring of resist corrosion
MPRegen 0.13/turn               P - ring of willpower

@: engulfed (cannot breathe), corroded
A: large, unfitting armour, claws 3, regeneration 1, shaggy fur 1, tough skin 1,
deformed body, weak 1
a: no special abilities


You were on level 5 of the Pits of Slime.
You visited 4 branches of the dungeon, and saw 25 of its levels.
You also visited: Bailey.

You collected 3845 gold pieces.
You spent 1390 gold pieces at shops.

Inventory:

Hand Weapons
 l - the +8 whip "Snakebite" {venom, curare, rPois}
   (You found it on level 1 of the Lair of Beasts)

   It poisons the flesh of those it strikes.
   It occasionally inflicts asphyxiating poison on those it strikes, dealing
   poison damage and causing slowness.
   rPois:     It protects you from poison.
 y - a +7 scimitar of flaming
Missiles
 c - 432 stones
 d - 189 bolts
 f - 92 sling bullets
 h - 237 arrows
 i - 2 boomerangs (quivered)
 s - 43 poisoned darts
 A - a curare-tipped dart
 C - 6 throwing nets
 O - 3 silver javelins
Armour
 a - a +0 cloak (worn)
 t - the +3 ice dragon scales of the Albatross (worn) {Harm rPois rF- rC++}
   (You acquired it on level 8 of the Dungeon)

   rF:        It makes you vulnerable to fire.
   rC:        It greatly protects you from cold.
   rPois:     It protects you from poison.
   Harm:      It increases damage dealt and taken.
 L - a scarf of invisibility
Jewellery
 j - a +4 ring of protection
 r - a ring of flight
 I - a ring of resist corrosion (left claw)
 J - a ring of positive energy
 P - a ring of willpower (right claw)
Wands
 o - a wand of digging (19)
 u - a wand of polymorph (11)
 v - a wand of iceblast (25)
 z - a wand of paralysis (16)
 F - a wand of mindburst (13)
Scrolls
 b - 2 scrolls of identify
 n - a scroll of fear
 D - a scroll of summoning
 G - 3 scrolls of magic mapping
 H - 2 scrolls of fog
 K - 6 scrolls of teleportation
Potions
 e - 4 potions of might
 g - 3 potions of berserk rage
 k - 3 potions of lignification
 p - a potion of heal wounds
 q - 6 potions of haste
 w - a potion of cancellation
 E - 2 potions of ambrosia
 M - a potion of mutation
 N - 2 potions of magic


   Skills:
 + Level 8.8 Fighting
 + Level 9.1 Throwing
 + Level 6.6 Armour
 + Level 8.8 Dodging
 - Level 1.0 Stealth
 + Level 10.5 Unarmed Combat
 + Level 7.4 Evocations


You had 12 spell levels left.
You didn't know any spells.
Your spell library contained the following spells:

 Spells                   Type           Power      Damage    Failure   Level
 Magic Dart               Conj           0%         1d3       78%         1
 Summon Small Mammal      Summ           0%         N/A       78%         1
 Call Imp                 Summ           0%         N/A       89%         2
 Passwall                 Tmut/Erth      0%         N/A       89%         2
 Static Discharge         Conj/Air       0%         N/A       89%         2
 Call Canine Familiar     Summ           0%         N/A       98%         3
 Conjure Flame            Conj/Fire      0%         6-21      98%         3
 Dazzling Flash           Conj/Hex       0%         N/A       98%         3
 Ignite Poison            Fire/Tmut/Pois 0%         N/A       98%         3
 Mephitic Cloud           Conj/Pois/Air  0%         N/A       98%         3
 Stone Arrow              Conj/Erth      0%         3d7       98%         3
 Summon Guardian Golem    Hex/Summ       0%         N/A       98%         3
 Swiftness                Air            0%         N/A       98%         3
 Tukima's Dance           Hex            0%         N/A       98%         3
 Animate Armour           Summ/Erth      0%         N/A       100%        4
 Animate Dead             Necr           0%         N/A       100%        4
 Dispel Undead            Necr           0%         3d6       100%        4
 Sticky Flame             Conj/Fire      0%         2d3       100%        4
 Agony                    Necr           0%         N/A       100%        5
 Borgnjor's Vile Clutch   Necr/Erth      0%         N/A       100%        5
 Silence                  Hex/Air        0%         N/A       100%        5
 Yara's Violent Unravell  Hex/Tmut       0%         3d3       100%        5
 Death Channel            Necr           0%         N/A       100%        6
 Dispersal                Tloc           0%         N/A       100%        6
 Invisibility             Hex            0%         N/A       100%        6
 Summon Cactus Giant      Summ           0%         N/A       100%        6
 Disjunction              Tloc           0%         N/A       100%        8
 Lehudib's Crystal Spear  Conj/Erth      0%         10d2      100%        8
 Shatter                  Erth           0%         3d5*      100%        9


Dungeon Overview and Level Annotations

Branches:
Dungeon (13/15)            Temple (1/1) D:7            Lair (6/6) D:10
 Shoals (0/4) Lair:2       Spider (0/4) Lair:3        Slime (5/5) Lair:6
 Bailey (visited)
    Orc: D:9-12      Vaults: D:13-14

Altars:
Ashenzari
Cheibriados
Dithmenos
Elyvilon
Fedhas
Gozag
Hepliaklqana
Kikubaaqudgha
Makhleb
Nemelex Xobeh
Okawaru
Qazlal
Ru
Sif Muna
Trog
Uskayaw
Vehumet
Wu Jian
Xom
Yredelemnul
Zin
The Shining One

Shops:
D:9 ?


Innate Abilities, Weirdness & Mutations

You are too large for most types of armour.
You have claws for hands.
Your natural rate of healing is unusually fast.
You are covered in fur. (AC +1)
You have tough skin. (AC +1)
Armour fits poorly on your strangely shaped body.
You are weak. (Str -2)


Message History

The shining eye turns its gaze towards you.
The acid blob spits acid at you. The splash of acid hits you! You resist.
A slime creature comes into view.
Your magical contamination has completely faded away.
The acid blob spits acid at you. The splash of acid hits you! You resist.
The shining eye gazes at you.
Strange energies course through your body.
You feel weaker.
A slime creature merges with something you can't see.
The acid blob spits acid at you. The splash of acid hits you!
You resist. 3 acid blobs and 2 slime creatures come into view.
The acid blob quivers. x2; The slime creature quivers. x2
The acid blob quivers.
The acid blob spits acid at you. The splash of acid hits you. You resist.
A slime creature merges with something you can't see.
A slime creature comes into view.
The slime creature quivers.
As you read the scroll of fear, it crumbles to dust.
You assume a fearsome visage.
The acid blob resists with almost no effort. x2
The quicksilver ooze is unaffected.
The acid blob resists with almost no effort.
The slime creature looks frightened! x2
The acid blob resists with almost no effort.
The acid blob hits you!!
* * * LOW HITPOINT WARNING * * *
You are splashed with acid.
You resist.
* * * LOW HITPOINT WARNING * * *
Unknown command.
You feel much better. The quicksilver ooze hits you!
* * * LOW HITPOINT WARNING * * *
The quicksilver ooze engulfs you! The quicksilver ooze hits you!
* * * LOW HITPOINT WARNING * * *
You feel your power leaking away. The acid blob hits you.
You die...

......... .........
##........ #.........
#### #.........
J#...#.........
#JJJ........ ##@.......
#.JJ...... .# ##........
## ##......... J#
##.......... ##.#
#.J......... #..
##.G.........
#####J######...G........
.#.....##.#J............


You could see 4 acid blobs, a great orb of eyes, a large slime creature, a slime
creature, a shining eye and a quicksilver ooze.

Vanquished Creatures
  Kirke (Lair:5)
  Nessos (D:13)
  Erica (D:9)
  5 hydras
  A two-headed ogre (D:5)
  Pikel (D:7)
  2 deep elf pyromancers (D:10)
  A deep elf zephyrmancer (D:10)
  10 elephants
  An eye of devastation (Lair:6)
  Joseph (D:8)
  2 black mambas (Lair:1)
  7 cane toads
  A gargoyle (D:6)
  Maggie (D:7)
  3 rime drakes
  A torpor snail (Lair:6)
  7 komodo dragons
  A troll (D:8)
  Prince Ribbit (D:6)
  26 blink frogs
  A shadow (D:10)
  A redback (Lair:2)
  4 wyverns
  20 yaks
  2 hogs (Lair:5)
  2 basilisks
  2 steam dragons (D:8)
  Menkaure (D:7)
  21 water moccasins
  A floating eye (Lair:6)
  Duvessa (D:4)
  2 orc warriors (D:8)
  A sky beast (D:7)
  2 ice beasts
  A black bear (D:5)
  9 wolves
  3 centaurs
  A phantom (D:4)
  A kobold brigand (D:6)
  13 bullfrogs
  10 gnoll sergeants
  3 scorpions
  Dowan (D:4)
  A water moccasin zombie (D:5)
  10 killer bees
  4 wights (D:8)
  A howler monkey (D:10)
  A centaur zombie (D:8)
  6 hounds
  A bullfrog skeleton (D:6)
  2 orc priests
  6 gnoll shamans (Bailey)
  2 jellies
  Terence (D:2)
  3 iguanas
  4 orc wizards
  A hound skeleton (D:4)
  2 howler monkey zombies
  22 gnolls
  10 adders
  A shadow imp (D:5)
  A white imp (D:6)
  2 ufetubi
  3 dart slugs
  40 orcs
  5 ball pythons
  6 endoplasms
  4 giant cockroaches
  3 goblins
  2 hobgoblins
  4 jackals (D:2)
  A quokka (D:3)
  3 bats
  2 frilled lizards (D:1)
  12 kobolds
  5 rats
349 creatures vanquished.

Vanquished Creatures (collateral kills)
  An ogre (D:4)
  An adder skeleton (D:4)
2 creatures vanquished.

Vanquished Creatures (others)
  2 blink frogs (Lair:6)
  A wight (D:8)
  A hobgoblin (D:2)
  A bush (Lair:6)
  19 fungi
  23 plants
47 creatures vanquished.

Grand Total: 398 creatures vanquished

Notes
Turn   | Place    | Note
-------+----------+-------------------------------------------
     0 | D:1      | mathmaestro the Troll Monk began the quest for the Orb.
     0 | D:1      | Reached XP level 1. HP: 22/22 MP: 0/0
   308 | D:1      | Reached XP level 2. HP: 29/29 MP: 1/1
   994 | D:2      | Reached XP level 3. HP: 35/36 MP: 2/2
  1400 | D:2      | Noticed Terence
  1408 | D:2      | Killed Terence
  1409 | D:2      | Reached XP level 4. HP: 45/45 MP: 3/3
  2201 | D:4      | Noticed an ogre
  2211 | D:4      | Killed an ogre
  2212 | D:4      | Reached skill level 1 in Throwing
  2212 | D:4      | Reached skill level 4 in Unarmed Combat
  2212 | D:4      | Reached skill level 1 in Evocations
  2212 | D:4      | Reached XP level 5. HP: 53/53 MP: 4/4
  2243 | D:4      | Noticed Duvessa
  2248 | D:4      | Noticed Dowan
  2252 | D:4      | Killed Duvessa
  2253 | D:4      | Reached XP level 6. HP: 31/61 MP: 5/5
  2255 | D:4      | Killed Dowan
  2396 | D:4      | Reached XP level 7. HP: 59/68 MP: 6/6
  2736 | D:4      | Found a shimmering altar of Xom.
  2775 | D:5      | Entered Level 5 of the Dungeon
  2775 | D:5      | Noticed a two-headed ogre
  3013 | D:5      | Killed a two-headed ogre
  3014 | D:5      | Reached skill level 5 in Unarmed Combat
  3014 | D:5      | Reached XP level 8. HP: 9/79 MP: 7/7
  3283 | D:5      | Identified the +5 dagger of Uxacy {vorpal, rPois rF+ rC-
                  | rN+}
  3646 | D:6      | Reached skill level 5 in Dodging
  3819 | D:6      | Noticed Prince Ribbit
  3829 | D:6      | Killed Prince Ribbit
  3830 | D:6      | Reached skill level 5 in Fighting
  3830 | D:6      | Reached skill level 6 in Unarmed Combat
  3966 | D:6      | Noticed a gargoyle
  3972 | D:6      | Reached XP level 9. HP: 85/88 MP: 8/8
  3987 | D:6      | Killed a gargoyle
  4634 | D:7      | Noticed Maggie
  4656 | D:7      | Killed Maggie
  4854 | D:7      | Reached skill level 5 in Throwing
  4921 | D:7      | Noticed Pikel
  4938 | D:7      | Killed Pikel
  4939 | D:7      | Reached skill level 1 in Armour
  4939 | D:7      | Reached skill level 7 in Unarmed Combat
  5031 | D:7      | Found a staircase to the Ecumenical Temple.
  5044 | Temple   | Entered the Ecumenical Temple
  5329 | D:7      | Noticed Menkaure
  5335 | D:7      | Killed Menkaure
  5336 | D:7      | Reached XP level 10. HP: 98/98 MP: 9/9
  5724 | D:8      | Noticed Joseph
  5740 | D:8      | Killed Joseph
  6659 | D:8      | Identified a scroll of acquirement
  6659 | D:8      | Acquired the +3 ice dragon scales of the Albatross {Harm
                  | rPois rF- rC++}
  7120 | D:9      | Found Gicidd's Magic Scroll Shop.
  7128 | D:9      | Bought a scroll of brand weapon for 260 gold pieces
  7128 | D:9      | Bought a scroll of fear for 45 gold pieces
  7128 | D:9      | Bought a scroll of teleportation for 39 gold pieces
  7247 | D:9      | Reached skill level 5 in Evocations
  7291 | D:9      | Noticed Erica
  7299 | D:9      | Killed Erica
  7300 | D:9      | Reached skill level 8 in Unarmed Combat
  7501 | D:10     | Entered Level 10 of the Dungeon
  7544 | D:10     | Noticed a deep elf zephyrmancer
  7544 | D:10     | Noticed a deep elf pyromancer
  7548 | D:10     | Noticed a deep elf pyromancer
  7549 | D:10     | Killed a deep elf pyromancer
  7555 | D:10     | Killed a deep elf pyromancer
  7556 | D:10     | Reached XP level 11. HP: 36/107 MP: 10/10
  7557 | D:10     | Got Dispater's Handbook of Plaster Cramp
  7559 | D:10     | Noticed a deep elf zephyrmancer
  7568 | D:10     | Killed a deep elf zephyrmancer
  7652 | D:10     | Found a flagged portal.
  7705 | Bailey   | Entered a bailey
  8258 | D:10     | Got the Catalogue of Dhcmrlchtdj
  8280 | D:10     | Got Ts'ui PĂȘn's Tome of Forking Paths
  8355 | D:10     | Found a staircase to the Lair.
  8355 | D:10     | You are sucked into a shaft and drop 3 floors!
  8355 | D:13     | Noticed Nessos
  8371 | D:13     | Killed Nessos
  8958 | D:9      | Bought 3 scrolls of identify for 78 gold pieces
  8958 | D:9      | Bought a scroll of acquirement for 676 gold pieces
  8958 | D:9      | Bought 3 scrolls of magic mapping for 136 gold pieces
  8958 | D:9      | Acquired 1309 gold pieces
  8960 | D:9      | Bought a scroll of identify for 26 gold pieces
  8960 | D:9      | Bought a scroll of teleportation for 39 gold pieces
  8960 | D:9      | Bought a scroll of teleportation for 39 gold pieces
  8960 | D:9      | Bought a scroll of identify for 26 gold pieces
  8960 | D:9      | Bought a scroll of identify for 26 gold pieces
  9086 | Lair:1   | Entered Level 1 of the Lair of Beasts
  9646 | Lair:1   | Found the +8 whip "Snakebite" {venom, curare, rPois}
 10201 | Lair:2   | Reached skill level 9 in Unarmed Combat
 10250 | Lair:2   | Found a staircase to the Shoals.
 10275 | Lair:2   | Noticed an eight-headed hydra
 10291 | Lair:2   | Killed a five-headed hydra
 10463 | Lair:2   | Reached skill level 5 in Armour
 10463 | Lair:2   | Reached XP level 12. HP: 116/118 MP: 11/11
 10776 | Lair:2   | Acquired 482 gold pieces
 11202 | Lair:3   | Found a hole to the Spider Nest.
 11247 | Lair:3   | Noticed a five-headed hydra
 11255 | Lair:3   | Killed a four-headed hydra
 11297 | Lair:3   | Noticed a four-headed hydra
 11306 | Lair:3   | Killed a one-headed hydra
 12402 | Lair:4   | Found a sparkling altar of Nemelex Xobeh.
 12463 | Lair:4   | Noticed an eight-headed hydra
 12474 | Lair:4   | Killed a two-headed hydra
 12475 | Lair:4   | Reached skill level 10 in Unarmed Combat
 12942 | Lair:4   | Reached XP level 13. HP: 128/128 MP: 12/12
 13673 | Lair:5   | Noticed Kirke
 13697 | Lair:5   | Killed Kirke
 14070 | Lair:6   | Entered Level 6 of the Lair of Beasts
 14202 | Lair:6   | Found a staircase to the Slime Pits.
 14311 | Slime:1  | Entered Level 1 of the Pits of Slime
 14318 | Slime:1  | Noticed a rockslime
 14321 | Slime:2  | Noticed an azure jelly
 14327 | Slime:3  | Noticed a rockslime
 14332 | Slime:3  | Noticed an azure jelly
 14332 | Slime:3  | Gained mutation: Armour fits poorly on your strangely
                  | shaped body. [a shining eye]
 14333 | Slime:3  | You fall into a shaft and drop 1 floor!
 14333 | Slime:4  | Noticed an azure jelly
 14333 | Slime:4  | Noticed a rockslime
 14339 | Slime:5  | Entered Level 5 of the Pits of Slime
 14351 | Slime:5  | Noticed an acid blob
 14356 | Slime:5  | Noticed a quicksilver ooze
 14365 | Slime:5  | Gained mutation: You are weak. (Str -2) [a shining eye]
 14370 | Slime:5  | Noticed an acid blob
 14370 | Slime:5  | Noticed an acid blob
 14370 | Slime:5  | Noticed an acid blob
 14371 | Slime:5  | HP: 3/130 [acid (4)]
 14372 | Slime:5  | Slain by an acid blob

Illustrated notes

Levels and vault maps discovered:
D:1:      tarquinn_simple_flora_water_d, layout_loops_ring
D:2:      layout_loops_corners, lemuel_flame_loot_1, uniq_terence
D:3:      layout_rooms
D:4:      layout_rooms, lemuel_coloured_pillars_altar, uniq_duvessa
D:5:      layout_rooms
D:6:      layout_basic, minmay_joined_circles, uniq_prince_ribbit1
D:7:      layout_basic, temple_green, uniq_menkaure, uniq_pikel, uniq_maggie
D:8:      layout_gridville, uniq_joseph
D:9:      layout_irregular_city, serial_shops, nicolae_lakefront_shop,
          hangedman_decor_riveting, uniq_erica
D:10:     layout_loops_ring, dpeg_oklobed_lair, enter_bailey_8,
          bh_hangedman_babel_library
D:11:     layout_gridville, david_orc_1_choice, fiery_altar_vehumet
D:12:     layout_roguey, uniq_rupert
D:13:     layout_roguey, uniq_nessos, uniq_frances, uniq_sonja
Temple:   compressed_dpeg_triangle_lava_temple
Lair:1:   minmay_guarded_unrand_snakebite, layout_small_grid,
          infiniplex_staircase_pool
Lair:2:   layout_regular_city, shoals_dummy_entry, serial_bayou_shore_b,
          grunt_megastairs_2
Lair:3:   layout_regular_city, spider_nest_entry_a
Lair:4:   layout_cave_pods, basic_altar
Lair:5:   layout_hall_layers, uniq_kirke
Lair:6:   due_jungle_book, layout_regular_city, minmay_slime_entry_eyes,
          serial_bayou_crossing
Slime:1:  layout_caves
Slime:2:  layout_caves, nicolae_slime_welcoming_committee
Slime:3:  layout_caves
Slime:4:  layout_caves, uniq_dissolution
Slime:5

Skill      XL: |  1  2  3  4  5  6  7  8  9 10 11 12 13 |
---------------+----------------------------------------+-----
Fighting       | 3 4 5 6 7 8 |  8.8
Dodging        | 3 4 5 6 7 8 |  8.8
Throwing       | 1 2 3 4 5 6 7 8 9 |  9.1
Unarmed Combat | 4 5 6 7 8 9 10 | 10.5
Evocations     | 1 2 3 4 5 6 7 |  7.4
Armour         | 1 3 5 6 |  6.6
Stealth        | |  1.0

Action                   |  1- 3 |  4- 6 |  7- 9 | 10-12 | 13-15 || total
-------------------------+-------+-------+-------+-------+-------++-------
Melee: Unarmed           |    51 |   138 |   291 |   695 |   160 ||  1335
       Punch             |     1 |     1 |     6 |    30 |    12 ||    50
       Scimitar          |       |       |       |    18 |     9 ||    27
       Whip              |       |       |       |     2 |       ||     2
Throw: Boomerang         |       |       |       |     6 |       ||     6
Evoke: Wand              |       |       |       |     5 |       ||     5
  Use: Scroll            |       |     6 |     2 |    29 |     4 ||    41
       Potion            |       |       |     2 |     3 |     4 ||     9
 Stab: Sleeping          |     7 |     2 |       |     1 |       ||    10
       Paralysed         |       |       |       |     4 |       ||     4
Armor: Robe              |    15 |    57 |    65 |       |       ||   137
       Acid dragon scale |       |       |    39 |    56 |       ||    95
       Ice dragon scales |       |       |       |   462 |   123 ||   585
Dodge: Dodged            |    29 |    86 |   132 |   436 |   105 ||   788

Table legend: (Time is in decaauts)
 A = Elapsed time spent in this place.
 B = Non-inter-level travel time spent in this place.
 C = Inter-level travel time spent in this place.
 D = Time resting spent in this place.
 E = Time spent auto-exploring this place.
 F = Levels seen in this place.
 G = Mean time per level.
                   A        B        C        D        E       F      G
               +--------+--------+--------+--------+--------+-----+--------+
         Total |  14219 |  13523 |    696 |    797 |   9731 |  26 |  546.9 |
       Dungeon |   8226 |   7656 |    570 |    146 |   5782 |  13 |  632.8 |
        Temple |    278 |    267 |     11 |      0 |    258 |   1 |  278.0 |
          Lair |   5159 |   5045 |    114 |    502 |   3555 |   6 |  859.8 |
    Slime Pits |     59 |     59 |      0 |      0 |      0 |   5 |   11.8 |
        Bailey |    494 |    494 |      0 |    149 |    136 |   1 |  494.0 |
               +--------+--------+--------+--------+--------+-----+--------+

Top non-repeatable levels by time:
     D:6: 1234 daAuts
  Lair:2: 1107 daAuts
  Lair:1: 1044 daAuts
     D:8: 1031 daAuts
  Lair:4: 965 daAuts
  Lair:5: 932 daAuts
     D:2: 904 daAuts
     D:9: 893 daAuts
    D:10: 880 daAuts
  Lair:3: 879 daAuts
     D:7: 739 daAuts
     D:4: 672 daAuts
     D:1: 668 daAuts
     D:3: 606 daAuts
     D:5: 530 daAuts
